 Dungeon Crawl Stone Soup version 0.28.0-53-g5a82cb258f (webtiles) character file.

Game seed: 11854394894042970425

40 ILmort the Chopper (level 3, -4/33 HPs)
             Began as a Minotaur Berserker on Aug 22, 2022.
             Was a Believer of Trog.
             Killed from afar by Sigmund (8 damage)
             ... with a magic dart
             ... on level 2 of the Dungeon.
             The game lasted 00:03:28 (704 turns).

ILmort the Chopper (Minotaur Berserker)              Turns: 704, Time: 00:03:29

Health: -4/33      AC:  2    Str: 23    XL:     3   Next: 30%
Magic:  2/2        EV: 12    Int:  4    God:    Trog [**....]
Gold:   46         SH:  0    Dex:  9    Spells: 2/2 levels left

rFire   . . .      SeeInvis .   a - +0 hand axe
rCold   . . .      Faith    .   (no shield)
rNeg    . . .      Spirit   .   d - +0 animal skin
rPois   .          Reflect  .   (helmet restricted)
rElec   .          Harm     .   (no cloak)
rCorr   .          Rampage  .   (no gloves)
Will    .....                   (no boots)
Stlth   +.........              c - amulet of regeneration
HPRegen 0.91/turn               (no ring)
MPRegen 0.08/turn               (no ring)

@: no status effects
A: horns 2, retaliatory headbutt
a: Renounce Religion, Berserk, Trog's Hand


You were on level 2 of the Dungeon.
You worshipped Trog.
Trog was pleased with you.
You visited 1 branch of the dungeon, and saw 2 of its levels.

You collected 46 gold pieces.

Inventory:

Hand Weapons
 a - a +0 hand axe (weapon)
Armour
 d - a +0 animal skin (worn)
Jewellery
 c - an amulet of regeneration (around neck)
Scrolls
 b - a scroll of fog {unknown}


   Skills:
 + Level 4.2 Fighting
 * Level 4.9 Axes
 - Level 2.4 Armour
 - Level 2.1 Dodging


You had 2 spell levels left.
You didn't know any spells.
Your spell library was empty.

Dungeon Overview and Level Annotations

Branches:
Dungeon (2/15)

Altars:

Annotations:
D:2 1 runed translucent door, Crazy Yiuf, Sigmund


Innate Abilities, Weirdness & Mutations

You have a pair of horns on your head.
You reflexively headbutt those who attack you in melee.


Message History

Sigmund the Dreaded comes into view.
He is wielding a +0 scythe.
The endoplasm freezes you.
You are frozen.
The frilled lizard closely misses you. The endoplasm hits you.
The endoplasm hits you. The endoplasm freezes you.
You are frozen.
The frilled lizard barely misses you.
Sigmund drinks a potion.
Sigmund seems to speed up.
The frilled lizard completely misses you.
Found 12 gold pieces.
Sigmund gestures wildly while chanting.
Sigmund flickers and vanishes!
Deactivating autopickup; reactivate with Ctrl-A.
The endoplasm hits you.
You open the door. The endoplasm freezes you.
You are frozen.
The endoplasm barely misses you. You furiously retaliate!
You headbutt the endoplasm!
You kill the endoplasm!
Trog accepts your kill. The frilled lizard misses you.
There is an open door here.
A puff of flame appears from out of thin air!
The puff of flame misses you.
You see here a giant cockroach corpse.
You hit the frilled lizard.
You kill the frilled lizard!
Trog accepts your kill. Something hits you!
You hit the hobgoblin but do no damage. You headbutt the hobgoblin.
You kill the hobgoblin!
Trog accepts your kill. Something hits you! Something hits you!
* * * LOW HITPOINT WARNING * * *
A magic dart appears from out of thin air!
The magic dart hits you!
You die...

.#.#.#.#...#
...........####..#
##.#.........##..# #######
#$#.#.#.....##..#
..#.#<....#
#.#.#.#.....##..#
#.#.#.##.##
#.#.#..##'####..# #.#.#..#.#
#.#.##.##.# #..# #.#.####.#
#.#.##..#g# #..###.#.# #.#
..#.###.#.# #.@..#.#.# #.#
#.###...####.##.#...####.#
##.......†.{..#....)..†...#
##...................#######
##).........#.#.#.#.#.#
#....####.............#
##..## #...#.#.#.#..##
♣.♣..♣ ##...........# ♣...♣♣
#..#.#.#.#.##


There were no monsters in sight!

Vanquished Creatures
  An adder (D:2)
  4 endoplasms
  A giant cockroach (D:2)
  5 goblins
  3 hobgoblins (D:2)
  3 jackals (D:1)
  A quokka (D:1)
  3 ball pythons (D:1)
  2 bats (D:1)
  2 frilled lizards (D:2)
  A kobold (D:1)
  A rat (D:1)
27 creatures vanquished.

Notes
Turn   | Place    | Note
-------+----------+-------------------------------------------
     0 | D:1      | ILmort the Minotaur Berserker began the quest for the Orb.
     0 | D:1      | Reached XP level 1. HP: 19/19 MP: 0/0
   183 | D:1      | Reached XP level 2. HP: 20/27 MP: 1/1
   306 | D:1      | Found a faded altar of an unknown god.
   580 | D:2      | Reached ** piety under Trog
   602 | D:2      | Reached XP level 3. HP: 30/33 MP: 2/2
   640 | D:2      | Found a runed translucent door.
   641 | D:2      | Noticed Crazy Yiuf
   677 | D:2      | Noticed Sigmund
   704 | D:2      | Killed from afar by Sigmund

Illustrated notes

Levels and vault maps discovered:
D:1:      psy_arrival_whirlpool, layout_basic,
          shapermc_ecumenical_altar_mp_ritualfount
D:2:      layout_basic, serial_glass, glass_columns_b, glass_columns_a,
          glass_columns_b, glass_columns_c, glass_columns_a, glass_columns_c,
          uniq_sigmund, uniq_crazy_yiuf_cottage

Skill      XL: |  1  2 |
---------------+-------+-----
Axes           | 4 |  4.9
Fighting       | 4 |  4.2
Armour         | |  2.4
Dodging        | |  2.1

Action                   || total
-------------------------++-------
Melee: Hand axe          ||    36
       Headbutt          ||     2
 Fire: Hunting sling     ||     6
Armor: Animal skin       ||     4
Dodge: Dodged            ||    33
